 Dungeon Crawl Stone Soup version 0.29-a0-582-ge82337ba6a (webtiles) character file.

Game seed: 5451575637523477498

124 DocClef the Slasher (level 4, 0/38 HPs)
             Began as a Draconian Gladiator on June 14, 2022.
             Succumbed to a gnoll's poison
             ... on level 3 of the Dungeon.
             The game lasted 00:02:07 (2212 turns).

DocClef the Slasher (Draconian Gladiator)           Turns: 2212, Time: 00:02:08

Health: 0/38       AC:  5    Str: 22    XL:     4   Next: 81%
Magic:  4/4        EV: 16    Int:  8    God:
Gold:   165        SH:  0    Dex: 15    Spells: 3/3 levels left

rFire   . . .      SeeInvis .   l - +10 zealot's sword {holy, *Rage rN+ EV+3}
rCold   . . .      Faith    .   (no shield)
rNeg    + . .      Spirit   .   (body armour unavailable)
rPois   +          Reflect  .   b - +0 hat
rElec   .          Harm     .   (no cloak)
rCorr   .          Rampage  .   (no gloves)
Will    .....      Rage     20% (no boots)
Stlth   +.........              (no amulet)
HPRegen 0.12/turn               n - +6 ring of strength
MPRegen 0.09/turn               m - ring of poison resistance

@: mighty, lethally poisoned (0 -> -6), on berserk cooldown, slowed, very slow
A: AC +5, unfitting armour, cold-blooded
a: no special abilities


You were on level 3 of the Dungeon.
You visited 1 branch of the dungeon, and saw 3 of its levels.

You collected 165 gold pieces.

Inventory:

Hand Weapons
 a - a +0 long sword
 l - the +10 zealot's sword (weapon) {holy, *Rage rN+ EV+3}
   (You found it on level 2 of the Dungeon)

   It has been blessed by the Shining One to cause great damage to the undead
   and demons.
   Whenever the wielder enters a berserk rage, their allies are berserked
   alongside them.
   EV:        It affects your evasion (+3).
   rN:        It protects you from negative energy.
   *Rage:     It berserks you when you make melee attacks (+20% chance).
Missiles
 c - 5 throwing nets (quivered)
 d - a javelin
Armour
 b - a +0 hat (worn)
Jewellery
 m - a ring of poison resistance (right hand)
 n - a +6 ring of strength (left hand)
Scrolls
 g - 7 scrolls of identify {unknown}
 j - a scroll of torment {unknown}
 k - a scroll of magic mapping {unknown}
 o - 2 scrolls of fear {unknown}
 s - a scroll of immolation {unknown}
Potions
 f - a potion of haste {unknown}
 i - a potion of mutation {unknown}
 p - a potion of brilliance {unknown}
 q - a potion of heal wounds {unknown}
 r - a potion of curing {unknown}


   Skills:
 + Level 3.3 Fighting
 + Level 3.8 Long Blades
 + Level 2.7 Throwing
 + Level 3.4 Dodging


You had 3 spell levels left.
You didn't know any spells.
Your spell library contained the following spells:

 Spells                   Type           Power      Damage    Failure   Level
 Apportation              Tloc           0%         N/A       41%         1
 Necrotize                Necr           0%         1d4       41%         1
 Slow                     Hex            0%         N/A       41%         1
 Summon Small Mammal      Summ           0%         N/A       41%         1
 Confusing Touch          Hex            0%         N/A       78%         3
 Vampiric Draining        Necr           0%         2d6       78%         3


Dungeon Overview and Level Annotations

Branches:
Dungeon (3/15)

Altars:
Xom

Shops:
D:3 *


Innate Abilities, Weirdness & Mutations

Your plain brown scales are hard. (AC +5)
You cannot fit into any form of body armour.
You are cold-blooded and may be slowed by cold attacks.


Message History

The gnoll freezes you.
* * * LOW HITPOINT WARNING * * *
You closely miss the gnoll. You tail-slap the gnoll.
The gnoll is moderately wounded.
The gnoll barely misses you.
The gnoll splashes around in the water.
You slash the gnoll!
The gnoll is almost dead.
The gnoll splashes around in the water.
You hit the gnoll.
The gnoll is almost dead.
The gnoll hits you but does no damage. The gnoll closely misses you.
You slash the gnoll!
You kill the gnoll!
You hear a splash.
The gnoll hits you but does no damage.
You feel as though you will be slow longer.
You slash the gnoll!
The gnoll is severely wounded.
The gnoll hits you but does no damage.
You are confused.
You're too confused to move!
The gnoll hits you with a +0 dagger of chaos.
* * * LOW HITPOINT WARNING * * *
You are lethally poisoned!
The gnoll hits you with a +0 dagger of chaos.
* * * LOW HITPOINT WARNING * * *
You enter a dispersal trap!
The gnoll blinks!
You blink.
Found a shimmering altar of Xom.
* * * LOW HITPOINT WARNING * * *
You feel very sick.
Unknown command.
It was a potion of might.
You feel very mighty all of a sudden.
* * * LOW HITPOINT WARNING * * *
You feel sick.
The gnoll hits you with a +0 dagger of chaos.
* * * LOW HITPOINT WARNING * * *
It was a potion of magic.
Magic courses through your body.
You feel less confused.
You die...

.#
#.######.######.######..
.#
###.#≈...≈≈.≈≈###......#
.#
####.#).#^≈...###.######
.# ##≈#.#^.#.#≈≈##≈.###
.### #.≈.≈#≈.####.≈.##
...######.≈..≈#)#.#(≈#≈⌠.
........#^.........##.≈..
##.###.##≈...#.≈#≈.#.#..#
#.##...##.≈#.##@###.#≈≈
#.......##...#g≈..≈.^.#
####...#.##≈#.#≈._#≈#.#
##.## ############# #.#
######.# .......#
##.##### #[########


You could see a gnoll.

Vanquished Creatures
  A jelly (D:3)
  3 adders
  2 gnolls (D:3)
  2 worms
  An orc (D:3)
  2 ball pythons (D:2)
  5 bats
  4 endoplasms
  5 giant cockroaches
  A hobgoblin (D:3)
  2 jackals (D:1)
  A kobold (D:1)
  3 quokkas
  A frilled lizard (D:2)
  4 goblins
  5 rats
42 creatures vanquished.

Notes
Turn   | Place    | Note
-------+----------+-------------------------------------------
     0 | D:1      | DocClef the Draconian Gladiator began the quest for the
                  | Orb.
     0 | D:1      | Reached XP level 1. HP: 17/17 MP: 1/1
   289 | D:1      | Reached XP level 2. HP: 16/25 MP: 2/2
  1147 | D:2      | Found the +10 zealot's sword {holy, *Rage rN+ EV+3}
  1212 | D:2      | Reached XP level 3. HP: 30/30 MP: 3/3
  1609 | D:2      | Found a faded altar of an unknown god.
  1663 | D:3      | Found Finaog's General Store.
  1727 | D:3      | Reached XP level 4. HP: 33/38 MP: 4/4
  2184 | D:3      | Identified the +6 hunting sling of Disembowelment {freeze,
                  | Contam rF+ Will++}
  2210 | D:3      | Found a shimmering altar of Xom.
  2212 | D:3      | Succumbed to a gnoll's poison

Illustrated notes

Levels and vault maps discovered:
D:1:      dpeg_arrival_rhombi, layout_basic
D:2:      layout_basic, chequers_ecumenical_altar_grove, minmay_tromino_v4_c
D:3:      layout_loops_ring, tgw_xom, serial_shops, nicolae_lakefront_shop,
          minivault_26

Skill      XL: |  1  2  3 |
---------------+----------+-----
Throwing       | 2 |  2.7
Dodging        | 3 |  3.4
Fighting       | 3 |  3.3
Long Blades    | |  3.8

Action                   |  1- 3 |  4- 6 || total
-------------------------+-------+-------++-------
Melee: Long sword        |    47 |       ||    47
       Tailslap          |     7 |     1 ||     8
       Eudemon blade     |    31 |    18 ||    49
  Use: Potion            |       |     2 ||     2
Armor: Skin              |    33 |     4 ||    37
Dodge: Dodged            |    70 |    11 ||    81

Table legend: (Time is in decaauts)
 A = Elapsed time spent in this place.
 B = Non-inter-level travel time spent in this place.
 C = Inter-level travel time spent in this place.
 D = Time resting spent in this place.
 E = Time spent auto-exploring this place.
 F = Levels seen in this place.
 G = Mean time per level.
                   A        B        C        D        E       F      G
               +--------+--------+--------+--------+--------+-----+--------+
         Total |   2262 |   2236 |     26 |     54 |   1895 |   3 |  754.0 |
       Dungeon |   2262 |   2236 |     26 |     54 |   1895 |   3 |  754.0 |
               +--------+--------+--------+--------+--------+-----+--------+

Top non-repeatable levels by time:
     D:1: 984 daAuts
     D:2: 697 daAuts
     D:3: 580 daAuts
